 Dungeon Crawl Stone Soup version 0.20.1-1-g8b1a95d (webtiles) character file.

32 letownia2 the Grave Robber (level 3, -10/28 HPs)
             Began as a Deep Dwarf Necromancer on Nov 6, 2017.
             Killed by divine providence
             ... invoked by an orc priest
              (14 damage)
             ... on level 3 of the Dungeon.
             The game lasted 00:01:42 (698 turns).

letownia2 the Grave Robber (Deep Dwarf Necromancer)  Turns: 698, Time: 00:01:43

Health: -10/28     AC:  4    Str: 11    XL:     3   Next: 8%
Magic:  2/6        EV: 12    Int: 16    God:
Gold:   32         SH:  0    Dex: 18    Spells: 2/6 levels left

rFire    . . .     SeeInvis .   (no weapon)
rCold    . . .     Gourm    .   (no shield)
rNeg     . . .     Faith    .   d - +0 leather armour
rPois    .         Spirit   .   a - +0 helmet (curse)
rElec    .         Reflect  .   (no cloak)
rCorr    .         Harm     .   (no gloves)
MR       .....                  (no boots)
Stlth    ++........             (no amulet)
Regen    0.0/turn               e - +5 ring of dexterity
MPRegen  0.1/turn               (no ring)

@: non-regenerating
A: damage resistance, heal wounds, sense surroundings 1, no regeneration
a: Heal Wounds


You were on level 3 of the Dungeon.
You were not hungry.

You visited 1 branch of the dungeon, and saw 3 of its levels.

You collected 32 gold pieces.

Inventory:

Armour
 a - a cursed +0 helmet (worn)
 d - a +0 leather armour (worn)
Jewellery
 e - a +5 ring of dexterity (left hand)
Potions
 f - a potion of might {unknown}
 h - a potion of flight {unknown}
 i - a potion of degeneration {unknown}
Books
 b - a book of Necromancy

   Spells                             Type                      Level
   a - Pain                           Necromancy                   1
   b - Animate Skeleton               Necromancy                   1
   c - Vampiric Draining              Necromancy                   3
   d - Regeneration                   Charms/Necromancy            3
   e - Animate Dead                   Necromancy                   4
   f - Control Undead                 Necromancy                   4
Comestibles
 c - 2 bread rations


   Skills:
 - Level 2.1 Dodging
 - Level 2.4 Stealth
 + Level 2.3 Spellcasting
 + Level 5.1 Necromancy


You had 2 spell levels left.
You knew the following spells:

 Your Spells              Type           Power        Failure   Level  Hunger
a - Pain                  Necr           ###.         3%          1    #......
v - Vampiric Draining     Necr           ###.......   10%         3    ###....


Dungeon Overview and Level Annotations

Branches:
Dungeon (3/15)

Altars:

Annotations:
D:3 Grinder


Innate Abilities, Weirdness & Mutations

You are resistant to damage.
You can heal yourself by infusing magical energy.
You passively map a small area around you.
You do not regenerate.


Message History

Press: ? - help, Shift-Dir - straight line, f/p - orc
Aim: an orc, wielding a dagger and wearing a ring mail (almost dead, chance to defeat MR: 89%)
The orc writhes in agony!
You kill the orc!
Unknown command.
An orc priest comes into view. It is wielding a trident.
The orc priest calls down the wrath of Beogh upon you.
Beogh smites you!
An orc comes into view. It is wielding a flail.
Found a leather armour.
The orc shouts!
Found a runed scarf.
The orc hits you but does no damage.
The orc priest invokes the aid of Beogh against you.
Beogh smites you!
* * * LOW HITPOINT WARNING * * *
The orc priest invokes the aid of Beogh against you.
Beogh smites you!
Ouch! That really hurt!
You die...

* ##.......# ,.#.###...#
...# ##.## * #.#.# #)# ##
, * ##.#.# #.# ...* *
.....####.# *#.#*
.......##.# ##.#,##,#*
.<.....##.###[###.#.#
##.#...##.#....#@...###
.#......oo..o.........
##.#.#..###.##########..*
...#........# *
.....##.##### , #######.
* * #. * #. , #.


You could see an orc priest and 2 orcs.

Vanquished Creatures
  2 adders
  A leopard gecko (D:1)
  An orc (D:3)
  A bat (D:3)
  A giant cockroach (D:1)
  2 hobgoblins
  A quokka (D:3)
  2 frilled lizards
11 creatures vanquished.

Notes
Turn   | Place    | Note
-------+----------+-------------------------------------------
     0 | D:1      | letownia2 the Deep Dwarf Necromancer began the quest for the Orb.
     0 | D:1      | Reached XP level 1. HP: 15/15 MP: 3/3
     7 | D:1      | Noticed a polar bear
     7 | D:1      | Noticed a wolf
     7 | D:1      | Noticed a salamander
     7 | D:1      | Noticed a lindwurm
   407 | D:2      | Reached XP level 2. HP: 22/22 MP: 0/5
   592 | D:3      | Noticed Grinder
   624 | D:3      | Reached skill level 5 in Necromancy
   624 | D:3      | Reached XP level 3. HP: 28/28 MP: 0/6
   629 | D:3      | Learned a level 3 spell: Vampiric Draining
   698 | D:3      | Killed from afar by an orc priest

Skill      XL: |  1  2 |
---------------+-------+-----
Spellcasting   | 2 |  2.3
Necromancy     | 5 |  5.1
Dodging        | |  2.1
Stealth        | |  2.4

Action                   || total
-------------------------++-------
Melee: Unarmed           ||     2
 Cast: Pain              ||    29
Armor: Leather armour    ||     5
Dodge: Dodged            ||    14
